 Dungeon Crawl Stone Soup version 0.30-a0-918-g0ff054e9dc (webtiles) character file.

Game seed: 4023529913290659678

233 theswoord the Cudgeller (level 6, -6/55 HPs)
             Began as a Gargoyle Berserker on Mar 20, 2023.
             Was a Believer of Trog.
             Mangled by a gnoll
             ... wielding a +0 flail
              (9 damage)
             ... on level 4 of the Dungeon.
             The game lasted 00:05:22 (1986 turns).

theswoord the Cudgeller (Gargoyle Berserker)        Turns: 1986, Time: 00:05:23

Health: -6/55      AC: 13    Str: 22    XL:     6   Next: 5%
Magic:  6/6        EV:  8    Int:  8    God:    Trog [**....]
Gold:   119        SH:  0    Dex:  9    Spells: 5/5 levels left

rFire   . . .      SeeInvis .    e - +0 whip
rCold   . . .      Faith    .    (no shield)
rNeg    + . .      Spirit   .    j - +0 chain mail
rPois   ∞          Reflect  .    (no helmet)
rElec   +          Rampage  .    (no cloak)
rCorr   .                        (no gloves)
Will    .....                    (no boots) Stlth
                                 (no amulet)
HPRegen 0.29/turn                (no ring)
MPRegen 0.10/turn                (no ring)

@: berserking (expiring), very quick
A: sickness immunity, AC +4, negative energy resistance 1, electricity
resistance, torment resistance 1, petrification resistance
a: Renounce Religion, Berserk, Trog's Hand


You were on level 4 of the Dungeon.
You worshipped Trog.
Trog was pleased with you.
You visited 1 branch of the dungeon, and saw 4 of its levels.

You collected 119 gold pieces.

Inventory:

Hand Weapons
 a - a +0 mace
 e - a +0 whip (weapon)
Armour
 b - a +0 animal skin
 j - a +0 chain mail (worn)
Scrolls
 d - a scroll of vulnerability {unknown}
 g - a scroll of blinking {unknown}
 h - 3 scrolls of noise {unknown}
 i - a scroll of enchant weapon {unknown}
 l - a scroll of teleportation {unknown}
 n - a scroll of identify {unknown}
 o - a scroll of brand weapon {unknown}
Potions
 c - a potion of heal wounds {unknown}
 f - a potion of degeneration {unknown}
 k - a potion of might {unknown}
 m - a potion of haste {unknown}


   Skills:
 - Level 3.2 Fighting
 + Level 6.5 Maces & Flails
 - Level 2.1 Armour
 - Level 1.5 Dodging


You had 5 spell levels left.
You didn't know any spells.
Your spell library was empty.

Dungeon Overview and Level Annotations

Branches:
Dungeon (4/15)
 Temple: D:4-7

Altars:

Shops:
D:2 ***


Innate Abilities, Weirdness & Mutations

You are immune to sickness and miasma.
Your stone body is resilient. (AC +4)
You are immune to poison.
You resist negative energy. (rN+)
You are resistant to electric shocks. (rElec)
You are resistant to unholy torment.
You are immune to petrification.


Message History

You feel yourself moving faster!
You feel mighty! The hound barely misses you.
The gnoll hits you but does no damage. The gnoll hits you with a +0 flail.
* * * LOW HITPOINT WARNING * * *
The hound misses you.
You hit the hound. The gnoll hits you but does no damage.
The gnoll barely misses you.
You closely miss the hound. The hound closely misses you.
You barely miss the hound. The hound bites you but does no damage.
The gnoll hits you with a +0 whip.
* * * LOW HITPOINT WARNING * * *
The gnoll hits you but does no damage.
You miss the hound. The hound barely misses you.
You barely miss the hound. The gnoll hits you with a +0 whip.
* * * LOW HITPOINT WARNING * * *
The gnoll hits you but does no damage. The hound bites you.
* * * LOW HITPOINT WARNING * * *
You hit the hound. You closely miss the hound.
The hound bites you but does no damage. The gnoll closely misses you.
The gnoll hits you with a +0 flail.
* * * LOW HITPOINT WARNING * * *
You closely miss the hound. The hound bites you but does no damage.
You closely miss the hound. The gnoll closely misses you.
The gnoll hits you with a +0 flail.
* * * LOW HITPOINT WARNING * * *
The hound bites you but does no damage.
You closely miss the hound. You barely miss the hound.
The hound bites you but does no damage. The gnoll hits you but does no damage.
The gnoll hits you with a +0 flail.
* * * LOW HITPOINT WARNING * * *
You closely miss the hound. The hound bites you but does no damage.
You whack the hound!
You kill the hound!
Trog accepts your kill. The gnoll hits you with a +0 whip.
* * * LOW HITPOINT WARNING * * *
The gnoll barely misses you.
You have reached level 6!
You whack the gnoll! The gnoll hits you but does no damage.
The gnoll hits you with a +0 flail!
You die...

..#### ....... #
#....## .#
##.....##.##.
##............
#.......>.....
#<............
#.#......g......
#.......@)......
#.###....g##....
#. ##...## . #
#####


You could see 2 gnolls.

Vanquished Creatures
  2 scorpions (D:4)
  A hound (D:4)
  4 gnolls
  2 adders (D:2)
  2 dart slugs
  4 bats
  6 endoplasms
  A giant cockroach (D:2)
  5 goblins
  A hobgoblin (D:2)
  2 ball pythons
  5 frilled lizards (D:1)
  6 kobolds
  A rat (D:1)
42 creatures vanquished.

Notes
Turn   | Place    | Note
-------+----------+-------------------------------------------
     0 | D:1      | theswoord the Gargoyle Berserker began the quest for the
                  | Orb.
     0 | D:1      | Reached XP level 1. HP: 14/14 MP: 1/1
   329 | D:1      | Reached XP level 2. HP: 19/19 MP: 2/2
   604 | D:1      | Found a faded altar of an unknown god.
  1059 | D:2      | Reached skill level 4 in Maces & Flails
  1129 | D:2      | Reached XP level 3. HP: 21/23 MP: 3/3
  1189 | D:2      | Reached ** piety under Trog
  1321 | D:2      | Found Herhyz's Assorted Antiques.
  1340 | D:2      | Reached XP level 4. HP: 9/28 MP: 4/4
  1355 | D:1      | Reached skill level 5 in Maces & Flails
  1597 | D:2      | Found Zeoxorro's General Store.
  1697 | D:2      | Found Qioc's General Store.
  1903 | D:3      | Noticed a scorpion
  1911 | D:4      | Noticed a scorpion
  1921 | D:4      | Killed a scorpion
  1922 | D:4      | Reached XP level 5. HP: 32/32 MP: 5/5
  1931 | D:4      | Reached skill level 6 in Maces & Flails
  1985 | D:4      | HP: 2/48 [gnoll/+0 whip (2)]
  1986 | D:4      | Reached XP level 6. HP: 3/37 MP: 6/6
  1986 | D:4      | Mangled by a gnoll

Skill      XL: |  1  2  3  4  5 |
---------------+----------------+-----
Maces & Flails | 4 5 6 |  6.5
Fighting       | |  3.2
Armour         | |  2.1
Dodging        | |  1.5

Action                     |  1- 3 |  4- 6 || total
---------------------------+-------+-------++-------
  Melee: Mace              |    39 |       ||    39
         Whip              |    80 |    67 ||   147
         Punch             |       |     1 ||     1
 Invoke: Berserk           |       |     2 ||     2
    Use: Scroll            |     1 |       ||     1
 Armour: Animal skin       |    14 |       ||    14
         Chain mail        |    21 |    37 ||    58
  Dodge: Dodged            |    57 |    32 ||    89

Levels and vault maps discovered:
D:1:      psy_arrival_spokes, layout_loops_corners,
          shapermc_ecumenical_altar_flowoftime, hangedman_decor_riveting,
          minmay_crystal_room
D:2:      layout_basic, serial_shops, nicolae_shop_crystal, shop,
          nicolae_shop_temple_entry_statues_fountains, minivault_14,
          minmay_misc_feat_x
D:3:      layout_rooms, uniq_sigmund, uniq_robin
D:4:      layout_loops_ring, nicolae_figureground_sparkle
